 Dungeon Crawl Stone Soup version 0.23.2-1-ga50397a6bc (webtiles) character file.

Game seed: 18338373289844183323

1033 Dommiel19 the Chopper (level 8, -3/69 HPs)
             Began as a Hill Orc Chaos Knight on May 23, 2019.
             Was a Plaything of Xom.
             Slain by a skeletal warrior
             ... wielding a cursed -3 war axe
             ... led by a skeletal warrior
              (17 damage)
             ... on level 6 of the Dungeon.
             The game lasted 00:07:31 (4966 turns).

Dommiel19 the Chopper (Hill Orc Chaos Knight)       Turns: 4966, Time: 00:07:33

Health: -3/69      AC: 14    Str: 17    XL:     8   Next: 24%
Magic:  13/13      EV:  7    Int: 12    God:    Xom [*.....]
Gold:   88         SH:  5    Dex: 10    Spells: 14/14 levels left

rFire    . . .     SeeInvis .   q - +2 broad axe (chop)
rCold    + . .     Gourm    .   k - +0 buckler
rNeg     . . .     Faith    .   n - +1 chain mail {rC+}
rPois    +         Spirit   .   o - +1 helmet
rElec    .         Reflect  .   s - +0 cloak
rCorr    .         Harm     .   g - +0 pair of gloves
MR       .....                  (no boots)
Stlth    ..........             (no amulet)
HPRegen  0.21/turn              i - ring of poison resistance
MPRegen  0.13/turn              (no ring)

@: no status effects
A: no striking features
a: Renounce Religion


You were on level 6 of the Dungeon.
You worshipped Xom.
You were a special plaything of Xom.
You were very hungry.

You visited 1 branch of the dungeon, and saw 6 of its levels.

You collected 268 gold pieces.
You spent 180 gold pieces at shops.

Inventory:

Hand Weapons
 q - a +2 broad axe of chopping (weapon)
Armour
 b - a +2 leather armour
 g - a +0 pair of gloves (worn)
 k - a +0 buckler (worn)
 n - a +1 chain mail of cold resistance (worn)
 o - a +1 helmet (worn)
 s - a +0 cloak (worn)
Jewellery
 i - a ring of poison resistance (left hand)
Scrolls
 d - 3 scrolls of fear
 f - 3 scrolls of identify
 h - 3 scrolls of remove curse
Potions
 a - a potion of heal wounds {unknown}
 e - a potion of curing
 j - a potion of flight {unknown}
Comestibles
 c - 6 rations


   Skills:
 + Level 5.6 Fighting
 * Level 7.6 Axes
 - Level 2.1 Armour
 - Level 0.7 Dodging
 * Level 5.1 Shields
 * Level 3.6 Spellcasting


You had 14 spell levels left.
You didn't know any spells.
Your spell library was empty.

Dungeon Overview and Level Annotations

Branches:
Dungeon (6/15)             Temple (0/1) D:6

Altars:
Xom

Shops:
D:4 (


Message History

You slash the quokka zombie!
You destroy the quokka zombie!
You barely miss the leopard gecko. You barely miss the jackal.
The jackal bites you. You block the leopard gecko's attack.
The skeletal warrior hits you with a cursed -3 war axe!
The jackal completely misses you. You block the leopard gecko's attack.
The skeletal warrior hits you with a cursed -3 war axe!
* * * LOW HITPOINT WARNING * * *
The jackal bites you.
* * * LOW HITPOINT WARNING * * *
You block the skeletal warrior's attack.
There is a stone staircase leading up here. "See what I see, my child!"
You feel aware of your surroundings.
You sensed 1 altar.
The jackal bites you but does no damage.
The leopard gecko bites you but does no damage.
The skeletal warrior hits you with a cursed -3 war axe!
You die...
Xom giggles madly!

* , ,,, ,* * ** * *
,,, ,,, ,*
.....,,***** *,,,
,,,, *..... ,,,,,,
*,,,, ,,*
#########.... ,*,,,,
+,,, ,>,,,
#..........#,#.* ** *
******* **
#..........#...,,,, ,
* #....?........#*,
,*, * #....l......#,,
,*,*, *
#...@hz.....#..,, ,,
*
#....zz.).....#,*,>,
* ****
#....h))[..##.#,*,,,*
*,, ,+......h.......
* , * ,
**#............#.**,*
* * ,,
#.########...#,,, ,,
* *,,*,#.**** *
.#...,* , , * *,, .>
,,,,,,,,#.##, * *
,.*,,, , **,,,.,,,
,,,


You could see 3 skeletal warriors, a leopard gecko and 3 jackals.

Vanquished Creatures
  Eustachio (D:5)
  A centaur (D:5)
  2 ogres (D:4)
  A crimson imp (D:5)
  A bullfrog skeleton (D:5)
  A jelly (D:5)
  An iguana (D:5)
  Terence (D:2)
  An orc wizard (D:3)
  2 worker ants (D:5)
  3 gnolls (D:4)
  8 adders
  A worm (D:5)
  3 dart slugs
  2 leopard geckos
  8 orcs
  2 giant cockroaches
  3 goblins
  4 hobgoblins
  19 jackals
  7 kobolds
  2 quokkas
  A ball python (D:5)
  7 bats
  9 frilled lizards
  A quokka zombie (D:6)
  6 rats
98 creatures vanquished.

Vanquished Creatures (collateral kills)
  An adder (D:3)
  2 orcs (D:3)
3 creatures vanquished.

Vanquished Creatures (others)
  A necrophage (D:5)
  A hornet zombie (D:5)
  A centaur (D:5)
  A howler monkey (D:5)
  A hound (D:5)
  An orc priest (D:5)
  An adder (D:5)
  An orc (D:5)
  A hobgoblin (D:3)
  A jackal (D:3)
  A leopard gecko zombie (D:5)
  A fire vortex (D:4)
12 creatures vanquished.

Grand Total: 113 creatures vanquished

Notes
Turn   | Place    | Note
-------+----------+-------------------------------------------
     0 | D:1      | Dommiel19 the Hill Orc Chaos Knight began the quest for the
                  | Orb.
     0 | D:1      | Reached XP level 1. HP: 19/19 MP: 1/1
   221 | D:1      | Reached XP level 2. HP: 20/27 MP: 2/2
   614 | D:1      | XOM: mild Tloc miscast
  1133 | D:1      | Reached skill level 1 in Spellcasting
  1254 | D:2      | Reached XP level 3. HP: 33/33 MP: 4/4
  1311 | D:2      | Noticed Terence
  1320 | D:2      | Killed Terence
  1320 | D:2      | Reached skill level 1 in Shields
  1320 | D:2      | Reached XP level 4. HP: 11/40 MP: 4/6
  1351 | D:2      | XOM: harmless Tloc miscast
  1440 | D:2      | XOM: harmless Erth miscast
  1577 | D:2      | XOM: divination: detect items
  1833 | D:2      | XOM: confusion (+ monsters)
  1996 | D:2      | Reached skill level 5 in Axes
  2204 | D:3      | XOM: harmless Necr miscast
  2246 | D:3      | XOM: mild Pois miscast
  2280 | D:3      | Reached XP level 5. HP: 31/46 MP: 7/7
  2322 | D:3      | XOM is BORED!
  2322 | D:3      | XOM: noise
  2408 | D:3      | XOM: divination: magic mapping
  2416 | D:3      | XOM: summons 2 friendly demons
  2622 | D:3      | You fall through a shaft for 2 floors!
  2622 | D:5      | Entered Level 5 of the Dungeon
  2629 | D:5      | XOM: smoke on damage
  2699 | D:5      | XOM: noise
  2832 | D:5      | Noticed a centaur
  2837 | D:5      | Killed a centaur
  2837 | D:5      | Reached XP level 6. HP: 28/53 MP: 9/9
  3058 | D:5      | Reached skill level 6 in Axes
  3204 | D:5      | XOM: cast spell 'Cause Fear'
  3212 | D:5      | XOM: noise
  3218 | D:5      | Noticed a necrophage
  3222 | D:5      | Noticed Eustachio
  3225 | D:5      | XOM: scenery: create altars
  3227 | D:5      | Banished a necrophage
  3227 | D:5      | Reached XP level 7. HP: 56/60 MP: 9/11
  3264 | D:5      | Killed Eustachio
  3264 | D:5      | Reached skill level 5 in Fighting
  3333 | D:5      | Reached skill level 7 in Axes
  3597 | D:5      | XOM: swap monsters
  3656 | D:5      | XOM: harmless Tmut miscast
  3739 | D:5      | XOM: cloud trail
  3862 | D:4      | Reached XP level 8. HP: 69/69 MP: 11/13
  3878 | D:4      | XOM: harmless Summ miscast
  4022 | D:4      | XOM: enchant monster (good)
  4058 | D:4      | Reached skill level 5 in Shields
  4495 | D:4      | Found Emano's Weapon Emporium.
  4500 | D:4      | Bought a +2 broad axe of chopping for 180 gold pieces
  4729 | D:4      | XOM: cloud trail
  4932 | D:4      | XOM: mild Fire miscast
  4952 | D:6      | Noticed a skeletal warrior
  4954 | D:6      | XOM: polymorph orc -> dart slug
  4959 | D:6      | Noticed a skeletal warrior
  4960 | D:6      | Noticed a skeletal warrior
  4966 | D:6      | XOM: divination: magic mapping
  4966 | D:6      | Slain by a skeletal warrior

Skill      XL: |  1  2  3  4  5  6  7  8 |
---------------+-------------------------+-----
Spellcasting   | 1 2 3 |  3.6
Fighting       | 4 5 |  5.6
Shields        | 1 2 3 4 5 |  5.1
Axes           | 5 6 7 |  7.6
Armour         | |  2.1
Dodging        | |  0.7

Action                   |  1- 3 |  4- 6 |  7- 9 || total
-------------------------+-------+-------+-------++-------
Melee: Hand axe          |    67 |   182 |    64 ||   313
       Broad axe         |       |       |    40 ||    40
  Use: Scroll            |       |     7 |       ||     7
       Potion            |       |     3 |       ||     3
  Eat: Chunk             |     1 |     5 |     6 ||    12
Armor: Leather armour    |    26 |       |       ||    26
       Chain mail        |       |   141 |    78 ||   219
Dodge: Dodged            |    31 |    52 |    39 ||   122
Block: Buckler           |     3 |    20 |    34 ||    57
